 Dungeon Crawl Stone Soup version 0.28-a0-474-g535839065c (webtiles) character file.

Game seed: 5565357579808167350

149 Gwenloh the Sneak (level 4, -3/40 HPs)
             Began as a Demigod Delver on Sept 15, 2021.
             Slain by Ijyb (7 damage)
             ... on level 3 of the Dungeon.
             The game lasted 00:11:09 (2885 turns).

Gwenloh the Sneak (Demigod Delver)                  Turns: 2885, Time: 00:11:10

Health: -3/40      AC:  3    Str: 13    XL:     4   Next: 82%
Magic:  6/6        EV: 16    Int: 12    God:
Gold:   163        SH:  0    Dex: 19    Spells: 1/3 levels left

rFire   . . .      SeeInvis .   a - +4 mace of Kiuguhec {vorpal, rPois Will+}
rCold   + . .      Faith    .   (no shield)
rNeg    . . .      Spirit   .   b - +0 leather armour
rPois   +          Reflect  .   (no helmet)
rElec   .          Harm     .   (no cloak)
rCorr   .          Rampage  .   (no gloves)
Will    +....                   (no boots)
Stlth   +++.......              (no amulet)
HPRegen 0.13/turn               h - ring of protection from cold
MPRegen 0.10/turn               p - +4 ring of evasion

@: hasted, very quick
A: high mp 1, forlorn
a: no special abilities


You were on level 3 of the Dungeon.
You visited 1 branch of the dungeon, and saw 6 of its levels.

You collected 163 gold pieces.

Inventory:

Hand Weapons
 a - the +4 mace of Kiuguhec (weapon) {vorpal, rPois Will+}
   (You found it on level 5 of the Dungeon)

   It inflicts extra damage upon your enemies.
   rPois:     It protects you from poison.
   Will:      It increases your willpower.
 m - a +0 mace
Missiles
 j - 78 arrows
 k - 33 bolts
 l - 129 stones
 o - 21 sling bullets
 u - 8 poisoned darts (quivered)
Armour
 b - a +0 leather armour (worn)
Jewellery
 h - a ring of protection from cold (left hand)
 p - a +4 ring of evasion (right hand)
 s - a +6 ring of intelligence
Wands
 g - a wand of digging (3)
Scrolls
 c - 2 scrolls of fog
 d - a scroll of magic mapping
 e - a scroll of fear
 n - 4 scrolls of identify {unknown}
 q - a scroll of teleportation {unknown}
 t - a scroll of enchant armour {unknown}
 v - a scroll of blinking {unknown}
Potions
 f - a potion of haste
 i - 2 potions of heal wounds {unknown}
 r - a potion of curing {unknown}


   Skills:
 * Level 4.2 Fighting
 - Level 1.7 Maces & Flails
 + Level 2.7 Dodging
 - Level 5.0 Stealth
 + Level 1.1 Translocations


You had one spell level left.
You knew the following spells:

 Your Spells              Type           Power      Damage    Failure   Level
a - Blink                 Tloc           N/A        N/A       38%         2

Your spell library contained the following spells:

 Spells                   Type           Power      Damage    Failure   Level
 Lesser Beckoning         Tloc           2%         N/A       63%         3
 Summon Guardian Golem    Hex/Summ       0%         N/A       77%         3
 Manifold Assault         Tloc           2%         N/A       100%        5
 Orb of Destruction       Conj           0%         N/A       100%        7
 Spellforged Servitor     Conj/Summ      0%         N/A       100%        7


Dungeon Overview and Level Annotations

Branches:
Dungeon (6/15)             Temple (0/1) D:5

Annotations:
D:3 Ijyb


Innate Abilities, Weirdness & Mutations

Your attributes grow dramatically as you level up.
You have an increased reservoir of magic. (+10% MP)
You shall have no god before yourself.


Message History

You throw a poisoned dart. The poisoned dart hits Ijyb.
Ijyb looks even sicker.
Ijyb is lightly wounded.
You climb upwards.
There is a stone staircase leading down here.
You start resting.
You are no longer corroded.
You start resting.
HP restored.
You climb downwards.
Level annotation: Ijyb
There is a stone staircase leading up here.
You throw a poisoned dart. The poisoned dart closely misses Ijyb.
You throw a poisoned dart. The poisoned dart hits Ijyb.
Ijyb is poisoned.
You sock Ijyb!
Ijyb is heavily wounded.
Ijyb zaps a wand.
The bolt of acid hits you!!
Ouch! That really hurt!
You are too injured to fight recklessly!
You closely miss Ijyb.
Ijyb is heavily wounded.
Ijyb barely misses you.
You barely miss Ijyb.
Ijyb is heavily wounded.
Ijyb hits you with a +2 dagger of pain.
* * * LOW HITPOINT WARNING * * *
You writhe in agony.
* * * LOW HITPOINT WARNING * * *
Ijyb hits you with a +2 dagger of pain!
* * * LOW HITPOINT WARNING * * *
You feel yourself speed up. Ijyb barely misses you.
You hit Ijyb but do no damage.
Ijyb is heavily wounded.
Ijyb screams, "I dance on your bones!" Ijyb hits you but does no damage.
You hit Ijyb but do no damage.
Ijyb is heavily wounded.
You barely miss Ijyb.
Ijyb is heavily wounded.
Ijyb hits you with a +2 dagger of pain!
You die...

#.# ###.# ...#
###+###.# #...# ....#
#......)####...## ....#
#......>........+......
#.....†###.###'##......
#......# #.............
#......# #............^
#......####......######
#......+....@g($..(#
#......#######.((.....
#......# #...(.....
#......# #.........
#.....## #.....#...
#.....# ......#...
#.....# ......# #.....#
.....# #.....#


You could see Ijyb (poisoned).

Vanquished Creatures
  A howler monkey (D:4)
  A bullfrog zombie (D:5)
  A howler monkey zombie (D:5)
  3 adders
  An adder skeleton (D:5)
  A worm (D:2)
  2 orcs
  6 bats
  3 endoplasms
  2 giant cockroaches
  2 goblins
  A hobgoblin (D:2)
  A kobold (D:1)
  3 quokkas
  4 ball pythons
  A frilled lizard (D:1)
  3 rats
36 creatures vanquished.

Notes
Turn   | Place    | Note
-------+----------+-------------------------------------------
     0 | D:5      | Gwenloh the Demigod Delver began the quest for the Orb.
     0 | D:5      | Reached XP level 1. HP: 18/18 MP: 3/3
     6 | D:4      | Noticed an orc priest
   350 | D:5      | Noticed a wyvern
   359 | D:5      | Found a staircase to the Ecumenical Temple.
   365 | D:5      | Noticed a sky beast
   397 | D:5      | Reached XP level 2. HP: 23/26 MP: 4/4
   397 | D:5      | Reached XP level 3. HP: 27/31 MP: 5/5
   854 | D:5      | Learned a level 2 spell: Blink
   869 | D:5      | Identified the +4 mace of Kiuguhec {vorpal, rPois Will+}
  1073 | D:4      | Reached skill level 5 in Stealth
  1073 | D:4      | Reached XP level 4. HP: 19/40 MP: 6/6
  1279 | D:3      | Noticed Ijyb
  1299 | D:2      | Reached skill level 1 in Translocations
  2885 | D:3      | Slain by Ijyb

Illustrated notes

Levels and vault maps discovered:
D:1:      saegor_arrival_simple_e, layout_loops_corners
D:2:      layout_rooms, shapermc_ecumenical_altar_hornbeckon
D:3:      layout_basic, hangedman_abyss_or_decor_lesser_grid, uniq_ijyb
D:4:      minmay_general_purpose_star, layout_rooms, kennysheep_generic_room_11
D:5:      layout_basic, minmay_temple_entry_ruins
D:6:      layout_loops_ring, nicolae_inconvenience_store,
          nicolae_shop_sticking_my_neck_out, uniq_crazy_yiuf_cottage,
          uniq_maggie, uniq_sigmund

Skill      XL: |  1  2  3  4 |
---------------+-------------+-----
Fighting       | 3 4 |  4.2
Dodging        | 2 |  2.7
Stealth        | 5 |  5.0
Translocations | 1 |  1.1
Maces & Flails | |  1.7

Action                   |  1- 3 |  4- 6 || total
-------------------------+-------+-------++-------
Melee: Mace              |    41 |    49 ||    90
Throw: Dart              |       |     9 ||     9
       Stone             |       |     6 ||     6
  Use: Potion            |       |     1 ||     1
 Stab: Sleeping          |     2 |     7 ||     9
Armor: Leather armour    |     6 |     6 ||    12
Dodge: Dodged            |    24 |    25 ||    49

Table legend: (Time is in decaauts)
 A = Elapsed time spent in this place.
 B = Non-inter-level travel time spent in this place.
 C = Inter-level travel time spent in this place.
 D = Time resting spent in this place.
 E = Time spent auto-exploring this place.
 F = Levels seen in this place.
 G = Mean time per level.
                   A        B        C        D        E       F      G
               +--------+--------+--------+--------+--------+-----+--------+
         Total |   2920 |   2824 |     96 |    725 |   1068 |   6 |  486.7 |
       Dungeon |   2920 |   2824 |     96 |    725 |   1068 |   6 |  486.7 |
               +--------+--------+--------+--------+--------+-----+--------+

Top non-repeatable levels by time:
     D:1: 888 daAuts
     D:5: 864 daAuts
     D:2: 682 daAuts
     D:4: 364 daAuts
     D:3: 100 daAuts
     D:6: 20 daAuts
